AoeStats
← KUKA TIRA PIEDRA

Coastal Forest

510567163Analyzed
2v2 RM · 2d ago on Oct 1, 2026· 22m 15s· 4 players
Game mode
Random Map
Map size
Medium (4 player)
Population
200
Speed
Normal
Resources
Standard
Victory
Conquest
Starting age
Dark Age
Ending age
Imperial Age
RankedLock teamsTeams togetherTeam positionsShared explorationLock speedFull tech treeHidden civsTurbo modeCheats
Victory
Defeat
🇦🇷 Ethiopians · Argentina
1057
+16
🇦🇷 Goths · Argentina
953
+21
🇲🇽 Tatars · Mexico
1063
-19
🇲🇽 Sicilians · Mexico
1045
-18
Orsai.exe
7:30 Loom
10:16 Feudal Age
17:42 Castle Age
glitter
3:53 Loom
16:32 Feudal Age
KUKA TIRA PIEDRA
7:30 Loom
10:15 Feudal Age
14:00 Double-Bit Axe
15:26 Fletching
Monosy
6:17 Loom
10:24 Feudal Age
10:52 Double-Bit Axe
11:08 Man-at-Arms
17:54 Horse Collar
19:08 Wheelbarrow
20:19 Forging
22:33 Castle Age
21:33 Scale Mail Armor
Connection lost

Rejoining the realm…

Still unreachable

The connection could not be restored.

Session expired

The server has moved on; the page needs a fresh start.